 Dungeon Crawl Stone Soup version 0.30.0-2-g1aa4bd4387 (webtiles) character file.

Game seed: 15989273741205529323

51 Jarnaxa the Trooper (level 3, -1/29 HPs)
             Began as a Demonspawn Fighter on May 7, 2023.
             Slain by a hobgoblin (3 damage)
             ... led by Robin
             ... on level 2 of the Dungeon.
             The game lasted 00:02:00 (1246 turns).

Jarnaxa the Trooper (Demonspawn Fighter)            Turns: 1246, Time: 00:02:00

Health: -1/29      AC:  8    Str: 18    XL:     3   Next: 57%
Magic:  3/3        EV:  9    Int:  9    God:
Gold:   69         SH:  4    Dex: 12    Spells: 2/2 levels left

rFire   . . .        a - +0 long sword
rCold   . . .        c - +0 buckler
rNeg    + . .        b - +0 scale mail
rPois   .            (no helmet)
rElec   .            e - +0 cloak
rCorr   .            (no gloves)
SInv    .            (no boots)
Will    .....        (no amulet) Stlth
                     h - ring of positive energy
HPRegen 0.24/turn    (no ring)
MPRegen 0.08/turn

%: no passive effects
@: no status effects
A: rugged brown scales 1, powered by pain 1
a: no special abilities


You were on level 2 of the Dungeon.
You visited 1 branch of the dungeon, and saw 2 of its levels.

You collected 69 gold pieces.

Inventory:

Hand Weapons
 a - a +0 long sword (weapon)
Armour
 b - a +0 scale mail (worn)
 c - a +0 buckler (worn)
 e - a +0 cloak (worn)
Jewellery
 h - a ring of positive energy (left hand)
Wands
 m - a wand of flame (13)
Scrolls
 k - a scroll of blinking {unknown}
 l - a scroll of amnesia {unknown}
Potions
 d - a potion of might
 f - a potion of flight {unknown}
 g - 3 potions of brilliance {unknown}
 i - a potion of resistance {unknown}
 j - 2 potions of curing {unknown}


   Skills:
 + Level 3.3 Fighting
 + Level 2.6 Long Blades
 + Level 3.0 Armour
 + Level 0.3 Dodging
 + Level 2.9 Shields


You had 2 spell levels left.
You didn't know any spells.
Your spell library was empty.

Dungeon Overview and Level Annotations

Branches:
Dungeon (2/15)

Altars:

Shops:
D:1 [

Annotations:
D:2 Robin


Innate Abilities, Weirdness & Mutations

You are partially covered in rugged brown scales. (AC +1, +3% HP)
You sometimes gain a little power by taking damage.


Message History

You are too injured to fight recklessly!
You are too injured to fight recklessly!
You are too injured to fight recklessly!
You are too injured to fight recklessly!
You are too injured to fight recklessly!
You are too injured to fight recklessly!
Unknown command.
You hit the goblin.
You kill the goblin!
You block the goblin's attack. The rat bites you but does no damage.
A hobgoblin comes into view.
The goblin hits you with a +0 club.
You barely miss the hobgoblin. You block the goblin's attack.
The rat bites you but does no damage. The goblin hits you with a +0 club.
A dart slug comes into view.
The goblin misses you. The goblin closely misses you.
The hobgoblin closely misses you. You block the goblin's attack.
The dart slug moves out of view.
Things that are here:
a +0 club; a +0 dagger; a goblin corpse You slash the goblin!
You kill the goblin!
A bat comes into view.
You block the goblin's attack. The hobgoblin barely misses you.
The goblin hits you but does no damage. The goblin barely misses you.
The goblin hits you but does no damage. The hobgoblin hits you.
* * * LOW HITPOINT WARNING * * *
The hobgoblin hits you but does no damage.
The bat moves out of view.
You hit the hobgoblin.
The hobgoblin is moderately wounded.
The goblin hits you but does no damage. You block the goblin's attack.
The hobgoblin hits you but does no damage. x2
The goblin barely misses you.
You barely miss the hobgoblin.
The hobgoblin is moderately wounded.
You block the hobgoblin's attack. The goblin hits you with a +0 club.
* * * LOW HITPOINT WARNING * * *
The goblin hits you but does no damage. The hobgoblin hits you.
You die...

#####...##### ##.#...
#...........###.....#
...............#.....
#...........#.......#
#####...####.....#.##
#...# #.........
#g..# #.....####
###g..#####....# ##
#g@gr...# ####.###.
#g##.##.# #.##.# #g
#.# .# #..... gg ..#
# ####.# ... ..# ##.
..#. .# ## #..#. ..
.....


You could see Robin, 2 hobgoblins, 5 goblins and a rat.

Vanquished Creatures
  An adder (D:2)
  4 ball pythons
  3 bats (D:1)
  3 endoplasms
  4 giant cockroaches (D:1)
  9 goblins
  2 hobgoblins
  6 kobolds
  A quokka (D:1)
  2 rats (D:1)
35 creatures vanquished.

Notes
Turn   | Place    | Note
-------+----------+-------------------------------------------
     0 | D:1      | Jarnaxa the Demonspawn Fighter began the quest for the Orb.
     0 | D:1      | Reached XP level 1. HP: 18/18 MP: 1/1
   166 | D:1      | Gained mutation: You are partially covered in rugged brown
                  | scales. (AC +1, +3% HP) [demonic ancestry]
   166 | D:1      | Reached XP level 2. HP: 10/24 MP: 2/2
   609 | D:1      | Found Bifum's Antique Armour Boutique.
   732 | D:1      | Gained mutation: You sometimes gain a little power by
                  | taking damage. [demonic ancestry]
   732 | D:1      | Reached XP level 3. HP: 29/29 MP: 3/3
  1234 | D:2      | Noticed Robin
  1246 | D:2      | Slain by a hobgoblin

Illustrated notes

Levels and vault maps discovered:
D:1:      minmay_arrival_wavy_path, layout_basic, serial_shops, shop,
          chequers_serial_rivers_marsh
D:2:      layout_loops_cross, serial_shops, nicolae_shop_behind_doors,
          nicolae_titane, uniq_robin

Skill      XL: |  1  2 |
---------------+-------+-----
Long Blades    | 2 |  2.6
Armour         | 3 |  3.0
Fighting       | |  3.3
Dodging        | |  0.3
Shields        | |  2.9

Action                     || total
---------------------------++-------
  Melee: Long sword        ||    96
 Armour: Scale mail        ||    67
  Dodge: Dodged            ||    55
  Block: Buckler           ||    25
